 Dungeon Crawl Stone Soup version 0.28-a0-1404-g4df0f3684d (webtiles) character file.

Game seed: 17200983369218485271

28 HallandMoats the Ducker (level 2, -5/14 HPs)
             Began as a Felid Monk on Jan 5, 2022.
             Slain by a goblin (16 damage)
             ... on level 1 of the Dungeon.
             The game lasted 00:00:40 (1606 turns).

HallandMoats the Ducker (Felid Monk)                Turns: 1606, Time: 00:00:40

Health: -5/14      AC:  1    Str:  7    XL:     2   Next: 96%
Magic:  3/3        EV: 19    Int: 11    God:
Gold:   79         SH:  0    Dex: 18    Spells: 1/1 levels left
                                        Lives:  0   Deaths: 0

rFire   . . .      SeeInvis +     - Unarmed
rCold   . . .      Faith    .   (shield unavailable)
rNeg    . . .      Spirit   .   (armour unavailable)
rPois   .          Reflect  .   (helmet unavailable)
rElec   .          Harm     .   (cloak unavailable)
rCorr   .          Rampage  .   (gloves unavailable)
Will    .....                   (boots unavailable)
Stlth   +++.......              (no amulet)
HPRegen 0.04/turn               (no ring)
MPRegen 0.08/turn               (no ring)

@: quick
A: very small, claws 1, fangs 3, see invisible, speed 1, shaggy fur 1, stealthy
paws, no weapons or thrown items, no armour, multi-lived
a: no special abilities


You were on level 1 of the Dungeon.
You visited 1 branch of the dungeon, and saw 1 of its levels.

You collected 79 gold pieces.

Inventory:

Scrolls
 a - a scroll of silence {unknown}
Potions
 b - 2 potions of heal wounds {unknown}


   Skills:
 + Level 3.3 Fighting
 + Level 4.4 Dodging
 + Level 3.4 Stealth
 + Level 3.2 Unarmed Combat


You had one spell level left.
You didn't know any spells.
Your spell library contained the following spells:

 Spells                   Type           Power      Damage    Failure   Level
 Summon Guardian Golem    Hex/Summ       0%         N/A       71%         3
 Orb of Destruction       Conj           0%         N/A       100%        7
 Spellforged Servitor     Conj/Summ      0%         N/A       100%        7


Dungeon Overview and Level Annotations

Branches:
Dungeon (1/15)

Altars:


Innate Abilities, Weirdness & Mutations

You have sharp claws.
You have razor-sharp teeth.
You have supernaturally acute eyesight. (SInv)
You cover ground quickly. (Speed+)
You are covered in fur. (AC +1)
Your paws help you pounce on unaware monsters.
You are incapable of wielding weapons or throwing items.
You cannot wear armour.
You gain extra lives every three experience levels.


Message History

There is an open door here.
You open the door.
There is an open door here.
You open the door.
There is an open door here.
You open the door.
There is an open door here.
A frilled lizard comes into view.
A frilled lizard is nearby!
A frilled lizard is nearby!
A frilled lizard is nearby!
A frilled lizard is nearby!
You pounce on the unaware helpless frilled lizard!
You claw the frilled lizard!
You kill the frilled lizard!
A goblin is nearby!
A goblin is nearby!
A goblin is nearby!
A goblin is nearby!
A goblin is nearby!
The goblin shouts!
A goblin is nearby!
You scratch the goblin. You bite the goblin.
You kill the goblin!
Things that are here:
a +0 dagger; a goblin corpse No target in view!
There is an open door here.
A goblin comes into view.
It is wielding a +0 dagger of electrocution.
There is an open door here.
A goblin is nearby!
The goblin shouts!
The goblin misses you.
A goblin is nearby!
You scratch the goblin. You claw the goblin, but do no damage.
The goblin is severely wounded.
The goblin hits you with a +0 dagger of electrocution.
You are electrocuted!
Ouch! That really hurt!
You die...

#.#...........#....#.#.###.
#.#.######.####....#.#.....
#.#.######'####....#.#..###
#.#................#.#..#
#.#..(.............#.#..###
#.#.............####.#.....
#.#.............# #.##.###
#.#......#'###### #.##....
#.#.####.#@# ### #.######
#####.#####...g.##.##
#.......
#....(.......####...##
########
##.#.######..###.....###
#.#.# #....##'.......'##
#.#.# #.##.#(##.....##.#
####
#.#.###.#..##.##...##.##
#... #.#.......#
##'##.##'## #...
#.#######.# ##.##.##.##
#...


You could see a goblin.

Vanquished Creatures
  A ball python (D:1)
  3 endoplasms (D:1)
  A giant cockroach (D:1)
  2 goblins (D:1)
  2 hobgoblins (D:1)
  4 jackals (D:1)
  3 kobolds (D:1)
  A quokka (D:1)
  3 bats (D:1)
  3 frilled lizards (D:1)
23 creatures vanquished.

Notes
Turn   | Place    | Note
-------+----------+-------------------------------------------
     0 | D:1      | HallandMoats the Felid Monk began the quest for the Orb.
     0 | D:1      | Reached XP level 1. HP: 10/10 MP: 2/2
   312 | D:1      | Reached XP level 2. HP: 14/14 MP: 3/3
   936 | D:1      | Found a faded altar of an unknown god.
  1606 | D:1      | Slain by a goblin

Illustrated notes

Levels and vault maps discovered:
D:1:      dpeg_arrival_rhombi, layout_basic, basic_ecumenical_altar,
          dk_noncrumbling_4

Skill      XL: |  1 |
---------------+----+-----
Stealth        | 3 |  3.4
Fighting       | |  3.3
Dodging        | |  4.4
Unarmed Combat | |  3.2

Action                   || total
-------------------------++-------
Melee: Unarmed           ||    45
       Bite              ||     9
       Punch             ||     3
 Stab: Distracted        ||     1
       Sleeping          ||     5
Armor: Skin              ||     2
Dodge: Dodged            ||    29

Table legend: (Time is in decaauts)
 A = Elapsed time spent in this place.
 B = Non-inter-level travel time spent in this place.
 C = Inter-level travel time spent in this place.
 D = Time resting spent in this place.
 E = Time spent auto-exploring this place.
 F = Levels seen in this place.
 G = Mean time per level.
                   A        B        C        D        E       F      G
               +--------+--------+--------+--------+--------+-----+--------+
         Total |   1460 |   1460 |      0 |    512 |    833 |   1 | 1460.0 |
       Dungeon |   1460 |   1460 |      0 |    512 |    833 |   1 | 1460.0 |
               +--------+--------+--------+--------+--------+-----+--------+

Top non-repeatable levels by time:
     D:1: 1460 daAuts
